Map: [ESL] Data-C

Players

Clem - Winner!

  • Race: Terran Terran
  • Spawn Location: 9:00

Reynor

  • Race: Zerg Zerg
  • Spawn Location: 3:00

Event: DreamHack SC2 Masters 2022 Atlanta (Online)

VOD

Have the link to the VOD?

Description

Time

  • Played on: Oct. 16, 2022, 1:49 p.m.
  • Length: 16:23

All games in this series

Show
View Real Time Build Order
Export as new Build Order

Clem Terran - Winner!

Build Orders: Reaper Expand, Hellion Banshee 

Get SALT Encoding   

  12  0:00  SCV  
  13  0:12  SCV  
  14  0:16  Supply Depot  
  14  0:24  SCV  
  15  0:38  SCV  
  15  0:40  Barracks  
  16  0:43  Refinery  
  16  0:50  SCV  
  17  1:02  SCV  
  18  1:14  SCV  
  19  1:26  Reaper, Orbital Command  
  20  1:40  Command Center  
  20  1:47  Supply Depot  
  20  1:52  SCV  
  21  1:58  Marine  
  22  2:04  SCV  
  23  2:10  Factory  
  23  2:16  SCV  
  24  2:23  Barracks Reactor  
  24  2:28  SCV  
  25  2:39  Command Center  
  25  2:41  SCV  
  26  2:51  Orbital Command  
  26  2:53  SCV  
  27  3:01  Starport  
  27  3:04  Refinery  
  27  3:06  SCV  
  27  3:11  Hellion  
  30  3:16  Hellion  
  30  3:17  SCV  
  30  3:19  SCV  
  34  3:22  Barracks Tech Lab  
  34  3:29  SCV  
  34  3:31  SCV  
  34  3:32  Hellion  
  38  3:38  Hellion  
  40  3:42  SCV  
  40  3:45  Banshee  
  40  3:47  SCV  
  45  3:51  Orbital Command  
  45  3:54  SCV  
  46  3:55  Cloaking Field  
  46  3:58  Hellion  
  46  4:00  Hellion  
  46  4:01  SCV  
  51  4:06  SCV  
  51  4:08  Supply Depot  
  51  4:09  Barracks Tech Lab  
  52  4:15  SCV  
  53  4:17  SCV  
  53  4:18  SCV  
  53  4:21  Hellion  
  53  4:22  Hellion  
  59  4:27  SCV  
  59  4:30  SCV, Banshee  
  64  4:32  Supply Depot  
  64  4:33  SCV  
  64  4:37  Stimpack  
  64  4:38  Orbital Command  
  65  4:39  Barracks  
  65  4:42  Barracks  
  65  4:44  SCV  
  66  4:45  SCV  
  66  4:46  Marine  
  68  4:54  Supply Depot  
  68  4:56  SCV, Factory Reactor, Refinery x2  
  69  5:02  Engineering Bay x2  
  69  5:03  SCV  
  69  5:05  SCV  
  69  5:06  Marine  
  72  5:08  SCV  
  73  5:15  SCV  
  73  5:17  Barracks  
  73  5:18  Barracks  
  74  5:22  SCV  
  74  5:24  SCV  
  74  5:25  Marine, Starport Reactor  
  74  5:28  SCV  
  71  5:29  Terran Infantry Armor Level 1, Terran Infantry Weapons Level 1  
  68  5:37  SCV  
  68  5:41  Marine  
  65  5:44  SCV x2  
  65  5:48  Supply Depot  
  65  5:49  SCV  
  67  5:50  Supply Depot, Marine  
  67  5:51  Marine  
  67  5:56  SCV x2, Factory  
  70  5:58  Marine  
  70  6:00  Marine x2  
  70  6:01  SCV  
  70  6:02  Factory Reactor  
  74  6:05  Barracks Reactor  
  74  6:06  Barracks Reactor  
  74  6:08  SCV x2  
  74  6:09  Marine  
  74  6:10  Marine  
  78  6:12  Supply Depot  
  78  6:13  SCV, Refinery  
  78  6:16  Supply Depot, Combat Shield, Marine  
  80  6:18  Marine x2  
  80  6:20  SCV x2  
  80  6:23  Medivac  
  87  6:25  SCV  
  87  6:29  Supply Depot, Medivac  
  87  6:32  SCV x2  
  91  6:34  Marine x3  
  91  6:36  Marine  
  91  6:37  SCV, Bunker  
  100  6:40  Widow Mine x2  
  100  6:43  Armory  
  100  6:44  SCV x2  
  104  6:47  Widow Mine  
  104  6:49  Command Center  
  104  6:52  Marine x3  
  107  6:56  Supply Depot, Marine x2  
  107  6:57  Marine  
  114  7:01  Widow Mine x2  
  114  7:04  Medivac x2  
  114  7:05  Marine x3  
  121  7:11  Supply Depot, Marine x3  
  121  7:14  Marine  
  125  7:17  Supply Depot, Marine x2  
  125  7:21  Refinery, Widow Mine  
  129  7:23  Marine  
  129  7:25  Marine x2  
  129  7:26  Supply Depot  
  129  7:27  Supply Depot  
  132  7:33  Widow Mine x2, Terran Infantry Weapons Level 2  
  132  7:35  Marine x2  
  132  7:36  Supply Depot  
  138  7:38  Terran Infantry Armor Level 2  
  138  7:40  Marine  
  138  7:41  Marine  
  142  7:44  Widow Mine, Marine x2  
  144  7:53  Marine x5  
  144  7:54  Widow Mine  
  144  7:58  Widow Mine, Marine  
  153  8:00  Marine  
  153  8:01  SCV  
  153  8:02  Marine x2  
  153  8:03  SCV  
  153  8:05  SCV, Widow Mine  
  162  8:11  Marine  
  163  8:14  Terran Vehicle And Ship Armor Level 1, Marine  
  163  8:16  Widow Mine  
  163  8:17  Marine  
  163  8:19  Widow Mine  
  166  8:20  Medivac  
  166  8:21  SCV  
  171  8:27  Widow Mine  
  171  8:31  Barracks x2  
  171  8:33  Barracks, Medivac  
  169  8:34  Marine  
  169  8:37  Widow Mine, Planetary Fortress  
  169  8:40  Widow Mine  
  174  8:45  Marine  
  174  8:48  Widow Mine, Marine x4  
  172  8:49  SCV  
  172  8:50  Medivac  
  172  8:51  Marine  
  172  8:58  Widow Mine  
  172  9:02  Widow Mine  
  176  9:03  Medivac  
  176  9:04  Marine  
  176  9:05  Marine  
  176  9:06  Marine x2  
  176  9:08  Marine  
  176  9:09  Marine x4  
  169  9:10  Widow Mine  
  166  9:20  Medivac, Widow Mine  
  166  9:22  Marine  
  166  9:23  Widow Mine, Marine  
  166  9:24  Marine  
  177  9:30  Command Center, Barracks Tech Lab x3  
  177  9:31  SCV x2, Widow Mine  
  179  9:32  SCV  
  179  9:33  Medivac  
  179  9:38  Marine x5  
  166  9:41  Widow Mine  
  166  9:42  Drilling Claws  
  166  9:44  Widow Mine, Marine x3  
  166  9:45  Marine  
  165  9:46  SCV x2  
  165  9:50  Medivac, Marine  
  165  9:52  Widow Mine, Marine x2  
  170  9:56  Marine x4  
  170  9:57  Marine  
  170  9:58  SCV  
  170  9:59  SCV  
  173  10:02  Widow Mine  
  173  10:03  Marauder  
  173  10:05  Terran Infantry Weapons Level 3  
  173  10:06  Widow Mine  
  178  10:12  Refinery, Sensor Tower  
  178  10:14  Widow Mine  
  180  10:20  Supply Depot  
  180  10:21  Marine x4, Terran Vehicle And Ship Armor Level 2  
  172  10:22  Marine x2  
  172  10:24  Widow Mine, Marauder  
  172  10:27  Widow Mine  
  184  10:31  Medivac  
  184  10:33  Marine x2  
  184  10:35  Widow Mine  
  184  10:40  Marine x9  
  185  10:45  Widow Mine  
  185  10:46  SCV x3  
  185  10:49  Widow Mine  
  192  10:52  Medivac  
  192  10:56  Widow Mine  
  196  10:57  Marine x2  
  196  10:59  Marine  
  196  11:01  Medivac, Marine  
  195  11:07  Widow Mine, Marine x3  
  195  11:08  SCV  
  195  11:10  Widow Mine  
  190  11:16  Marauder  
  190  11:17  SCV  
  190  11:18  SCV, Widow Mine  
  185  11:22  Medivac  
  185  11:23  Marine  
  185  11:24  Marine x4  
  185  11:25  Marine  
  187  11:28  Widow Mine, Marine  
  187  11:29  Marine  
  187  11:31  Medivac, Widow Mine  
  187  11:32  Planetary Fortress  
  193  11:33  SCV  
  193  11:37  Marine  
  193  11:38  Marine  
  193  11:39  Widow Mine  
  191  11:41  Marauder  
  191  11:46  Marauder  
  191  11:49  Widow Mine  
  191  11:52  Medivac  
  191  11:53  Widow Mine  
  179  11:57  Marauder x2  
  179  11:58  Ghost Academy  
  179  12:00  SCV  
  179  12:01  Medivac, Widow Mine  
  188  12:02  Marauder  
  188  12:03  Sensor Tower, Marine x3  
  188  12:05  Marine  
  188  12:07  Marauder, Marine x4  
  200  12:23  Terran Infantry Armor Level 3, Command Center x2  
  200  12:38  Medivac  
  200  12:40  Widow Mine  
  200  12:41  Marauder  
  194  12:44  Medivac  
  194  12:48  Widow Mine x2, Marine x3  
  194  12:49  Marine x2  
  194  12:51  Marauder x2  
  200  12:54  Refinery  
  200  12:55  Command Center  
  200  12:56  Marine  
  200  12:57  Marine  
  200  12:58  Marine  
  194  13:01  Widow Mine  
  194  13:03  Marine x2  
  192  13:06  Marine x3  
  192  13:07  Medivac, Terran Vehicle And Ship Armor Level 3  
  192  13:09  Widow Mine  
  192  13:11  Widow Mine  
  200  13:16  Command Center, Marine  
  200  13:17  Marine  
  197  13:23  Widow Mine, Marauder x2, Marine  
  197  13:24  Medivac, Marine  
  196  13:31  Widow Mine  
  196  13:33  Widow Mine  
  196  13:34  Neosteel Armor  
  192  13:36  Concussive Shells  
  192  13:37  Medivac  
  188  13:44  Widow Mine  
  188  13:45  Marauder, Marine  
  188  13:48  Marauder, Marine  
  196  13:50  Unknown  
  196  13:51  Marauder x2  
  196  13:52  Sensor Tower  
  200  13:55  Missile Turret  
  200  14:09  Widow Mine  
  193  14:11  Widow Mine x2  
  193  14:13  Marine x2  
  193  14:15  Marauder, Marine  
  193  14:16  Marine  
  195  14:20  Marine x3  
  195  14:21  Marauder x2, Marine  
  196  14:24  Planetary Fortress  
  196  14:27  Orbital Command  
  196  14:28  Orbital Command  
  196  14:31  Widow Mine  
  198  14:35  Widow Mine  
  200  14:42  Fusion Core, Starport  
  200  14:52  Widow Mine, Ghost  
  193  14:54  Widow Mine  
  193  14:57  Ghost  
  193  14:58  Marine x2  
  189  15:00  Widow Mine, Hi-Sec Auto Tracking  
  189  15:01  Ghost x2  
  189  15:10  Liberator x2  
  189  15:13  Widow Mine, Marine  
  189  15:14  Marine x3  
  188  15:15  Marine x2  
  188  15:16  Widow Mine, Marine  
  188  15:20  Ghost  
  188  15:21  Widow Mine  
  188  15:22  Marine  
  188  15:25  Ghost  
  188  15:28  Starport Reactor  
  191  15:30  Marauder x2  
  191  15:31  Marine  
  191  15:32  Marine x2  
  191  15:35  Widow Mine  
  192  15:37  Widow Mine  
  192  15:40  Marine  
  191  15:43  Widow Mine  
  191  15:45  Marine  
  191  15:46  Marine x2  
  188  15:50  Marauder  
  188  15:51  Ghost x2  
  188  15:52  SCV  
  188  15:54  SCV, Ghost  
  188  15:56  Widow Mine  
  195  15:58  Widow Mine  
  175  16:05  Marine x3  
Show
View Real Time Build Order
Export as new Build Order

Reynor Zerg 

Build Orders: Hatch First 

Get SALT Encoding   

  12  0:00  Drone  
  13  0:12  Overlord  
  13  0:17  Drone  
  14  0:30  Drone x2  
  16  0:48  Hatchery  
  15  0:51  Drone  
  15  0:54  Drone  
  17  0:58  Drone  
  18  1:09  Extractor  
  17  1:14  Spawning Pool  
  17  1:17  Drone  
  17  1:20  Drone  
  18  1:27  Drone  
  19  1:38  Drone  
  20  1:48  Overlord  
  20  2:00  Queen x2  
  24  2:02  Zergling x4  
  26  2:10  Drone x2  
  28  2:22  Drone x2  
  30  2:31  Hatchery  
  30  2:32  Drone  
  30  2:33  Drone  
  30  2:42  Metabolic Boost, Drone  
  31  2:44  Drone  
  32  2:53  Drone, Overlord  
  32  2:58  Queen  
  35  3:04  Drone  
  36  3:11  Drone x4  
  40  3:15  Overlord  
  40  3:18  Queen  
  42  3:21  Drone  
  42  3:25  Drone  
  43  3:31  Overlord  
  43  3:35  Queen  
  43  3:37  Drone  
  43  3:40  Drone  
  47  3:43  Queen, Drone  
  47  3:47  Drone  
  51  3:54  Zergling x4, Queen  
  55  3:58  Overlord  
  55  4:02  Drone  
  56  4:04  Drone  
  56  4:07  Zergling x6  
  56  4:08  Drone  
  61  4:11  Queen  
  61  4:15  Overlord  
  61  4:16  Drone  
  64  4:19  Drone  
  65  4:25  Drone x3  
  65  4:26  Drone  
  65  4:28  Drone x2  
  65  4:29  Drone  
  65  4:30  Overlord  
  72  4:34  Lair  
  72  4:38  Baneling Nest, Drone  
  72  4:39  Extractor  
  72  4:40  Drone  
  72  4:42  Drone x2  
  74  4:45  Spore Crawler  
  74  4:47  Spore Crawler  
  74  4:51  Zergling x6  
  74  4:52  Zergling x2  
  76  4:53  Zergling x2  
  76  4:57  Overlord  
  76  4:58  Drone x2  
  79  5:00  Drone  
  79  5:06  Overlord  
  82  5:07  Drone x4  
  82  5:10  Overlord  
  84  5:14  Drone  
  83  5:22  Zergling x10  
  83  5:23  Zergling x6  
  83  5:27  Drone  
  83  5:29  Queen  
  83  5:33  Drone x2  
  84  5:38  Drone  
  84  5:39  Overseer  
  84  5:41  Drone x2  
  84  5:49  Drone x4  
  90  5:52  Drone x2  
  90  5:57  Centrifugal Hooks  
  90  5:58  Extractor  
  90  5:59  Hatchery  
  90  6:00  Drone x3  
  90  6:01  Drone  
  92  6:05  Spore Crawler, Drone x2  
  92  6:06  Extractor  
  92  6:10  Overlord  
  92  6:11  Drone x2  
  92  6:14  Drone x2  
  92  6:17  Drone, Extractor, Evolution Chamber  
  95  6:18  Extractor  
  95  6:19  Spore Crawler  
  95  6:20  Evolution Chamber  
  95  6:21  Drone x3  
  95  6:24  Drone  
  95  6:25  Drone  
  97  6:27  Zergling x2  
  98  6:33  Drone  
  98  6:36  Spore Crawler, Zergling x2  
  98  6:38  Zergling x6  
  98  6:39  Drone x2  
  104  6:40  Drone x2  
  104  6:41  Baneling x3  
  104  6:46  Drone  
  107  6:47  Zerg Ground Armor Level 1, Zerg Melee Weapons Level 1  
  107  6:48  Drone  
  107  6:51  Drone x4  
  112  7:00  Baneling x5, Hatchery  
  111  7:02  Drone x3  
  111  7:05  Spore Crawler, Hydralisk Den  
  111  7:07  Pneumatized Carapace  
  112  7:10  Zergling x10  
  112  7:11  Zergling x2  
  112  7:15  Zergling x2  
  119  7:17  Zergling x6  
  119  7:18  Overlord  
  119  7:20  Zergling x6  
  125  7:23  Drone x2  
  125  7:24  Spore Crawler  
  125  7:25  Queen  
  125  7:29  Overlord  
  128  7:32  Overlord  
  128  7:39  Baneling x4  
  128  7:41  Hydralisk x4  
  128  7:43  Overlord  
  135  7:49  Hydralisk  
  135  7:50  Zergling x12  
  143  7:55  Muscular Augments  
  143  7:57  Hydralisk  
  143  7:58  Zergling x10  
  149  7:59  Overseer  
  149  8:02  Zergling x2  
  150  8:06  Hydralisk x2  
  150  8:07  Hydralisk x2  
  150  8:10  Queen  
  150  8:12  Queen  
  157  8:17  Zergling x12  
  157  8:19  Zergling x4  
  165  8:24  Overlord x3  
  165  8:25  Overlord  
  165  8:30  Baneling x7  
  165  8:32  Zergling x12  
  165  8:33  Baneling x2  
  165  8:34  Baneling  
  162  8:41  Hydralisk  
  162  8:42  Zergling x4  
  162  8:43  Zergling x6  
  162  8:46  Hydralisk  
  162  8:47  Zergling x6  
  163  8:51  Drone  
  163  8:52  Zerg Melee Weapons Level 2, Zerg Ground Armor Level 2  
  163  8:55  Zergling x10  
  169  9:02  Drone x5  
  173  9:05  Zergling x6  
  168  9:11  Zergling x14, Hydralisk  
  168  9:12  Zergling x2  
  168  9:13  Overlord  
  168  9:14  Overseer  
  171  9:17  Zergling x6  
  171  9:18  Zergling x2, Hydralisk  
  171  9:22  Zergling x6  
  176  9:26  Infestation Pit  
  176  9:27  Drone x3  
  176  9:29  Zergling x2  
  176  9:30  Grooved Spines  
  176  9:31  Zergling x2, Hydralisk  
  179  9:33  Spore Crawler  
  179  9:37  Zergling x10  
  181  9:44  Zergling x14  
  179  9:52  Baneling x12  
  177  9:53  Drone x2  
  177  9:54  Drone x4  
  177  9:57  Drone x2  
  177  9:58  Queen, Drone x2  
  177  9:59  Drone  
  185  10:04  Zergling x4, Hive  
  185  10:05  Zergling x6  
  190  10:08  Baneling x9  
  190  10:11  Drone x2  
  190  10:12  Spore Crawler, Drone x2  
  193  10:18  Zergling x6  
  193  10:20  Overlord  
  194  10:21  Zergling x6  
  194  10:22  Zergling x2  
  194  10:27  Hydralisk  
  194  10:28  Zergling x8  
  194  10:32  Zergling x6  
  194  10:35  Zergling x2  
  190  10:40  Zergling x10  
  190  10:41  Zergling x2  
  193  10:48  Drone x5  
  193  10:49  Queen  
  198  10:52  Baneling  
  198  10:53  Baneling x15  
  198  10:54  Zergling x2, Overlord  
  194  11:01  Zergling x14  
  194  11:02  Hydralisk  
  192  11:09  Zergling x6  
  180  11:16  Zergling x10  
  180  11:18  Zerg Ground Armor Level 3  
  180  11:19  Zerg Melee Weapons Level 3  
  180  11:21  Zergling x16  
  187  11:26  Zergling x6  
  187  11:30  Viper  
  187  11:31  Extractor  
  187  11:32  Drone x3  
  192  11:34  Extractor  
  192  11:35  Drone  
  192  11:36  Extractor  
  192  11:37  Hatchery  
  192  11:38  Zergling x6  
  193  11:40  Zergling x2  
  193  11:41  Zergling x4  
  193  11:44  Hydralisk  
  188  11:49  Zergling x6  
  188  11:50  Zergling x4  
  188  11:51  Zergling x6  
  184  11:55  Zergling x10  
  185  12:01  Queen, Drone x4  
  185  12:02  Viper x2  
  185  12:03  Drone  
  185  12:08  Hatchery  
  197  12:13  Zergling x6  
  197  12:15  Adrenal Glands  
  200  12:20  Extractor  
  197  12:32  Zergling x18  
  199  12:39  Zergling x8  
  185  12:44  Zergling x2  
  185  12:45  Zergling x20  
  176  12:51  Zergling x4  
  176  12:52  Zergling x4  
  176  12:54  Hydralisk  
  176  12:56  Zergling x4  
  176  12:58  Zergling x10  
  178  12:59  Hydralisk  
  178  13:00  Zergling x2  
  178  13:02  Zergling x2  
  178  13:03  Queen  
  178  13:05  Zergling x2  
  182  13:09  Hydralisk  
  182  13:10  Hydralisk x2  
  182  13:12  Queen x2  
  181  13:13  Baneling  
  181  13:14  Zergling x2, Baneling x7  
  181  13:17  Zergling x2, Hydralisk  
  162  13:23  Hydralisk x2  
  162  13:24  Zergling x14  
  162  13:25  Zergling x2, Hydralisk  
  162  13:26  Zergling x6  
  173  13:29  Hydralisk  
  173  13:30  Zergling x2  
  174  13:35  Hydralisk, Hatchery  
  174  13:38  Hatchery  
  174  13:39  Zergling x4  
  171  13:46  Baneling  
  171  13:48  Baneling x19  
  171  13:50  Zergling x8  
  171  13:51  Zergling x2  
  171  13:52  Zergling x2  
  177  13:59  Zergling x10  
  177  14:00  Lurker Den  
  182  14:03  Zergling x2  
  182  14:04  Zergling x6  
  182  14:08  Zergling x2  
  181  14:10  Hydralisk  
  181  14:12  Zergling x2  
  181  14:13  Zergling x2  
  181  14:16  Zergling x2  
  171  14:24  Zergling x10  
  171  14:27  Zergling x4  
  171  14:31  Zergling x6, Baneling  
  180  14:32  Zergling x4, Baneling x10  
  180  14:33  Zergling x2  
  183  14:40  Zergling x12  
  183  14:42  Zergling x2  
  183  14:44  Overseer  
  183  14:45  Overseer  
  190  14:47  Baneling x6  
  190  14:48  Baneling x3  
  190  14:49  Zergling x6  
  190  14:50  Zergling x2  
  190  14:51  Zergling x4  
  193  14:55  Zergling x2  
  193  14:56  Baneling x6  
  193  14:57  Baneling x9  
  187  15:05  Zergling x8  
  187  15:06  Zergling x10  
  192  15:11  Zergling x4, Hydralisk  
  192  15:12  Zergling x4  
  194  15:15  Zergling x2  
  194  15:17  Zergling x2  
  194  15:20  Zergling x4  
  187  15:22  Zergling x4  
  187  15:28  Zergling x6  
  185  15:34  Zergling x8  
  187  15:36  Zergling x8  
  187  15:37  Baneling  
  187  15:38  Baneling x11  
  187  15:39  Zergling x2  
  178  15:44  Zergling x4  
  178  15:49  Zergling x6  
  169  15:50  Zergling x2  
  169  15:51  Zergling x2  
  169  15:55  Zergling x6, Hydralisk  
  160  15:58  Hatchery  
  160  16:00  Zergling x6  
  160  16:01  Zergling x4  
  148  16:04  Zergling x4  
Tags
 
Add a new tag
Caveats
  • Supply blocks, unpowered buildings, or Contaminate may cause inaccurate times.
  • Supply counts are checked every 10 seconds.